 Dungeon Crawl Stone Soup version 0.27-a0-972-gd1521fd518 (webtiles) character file.

Game seed: 12322530220373084209

0 polve the Skirmisher (level 1, -4/18 HPs)
             Began as a Demonspawn Abyssal Knight on Apr 13, 2021.
             Was a Follower of Lugonu.
             Slain by a chaos spawn (10 damage)
             ... on level 1 of the Abyss.
             The game lasted 00:00:08 (116 turns).

polve the Skirmisher (Demonspawn Abyssal Knight)     Turns: 116, Time: 00:00:08

Health: -4/18      AC:  3    Str: 12    XL:     1   Next: 0%
Magic:  2/2        EV: 11    Int: 13    God:    Lugonu [*.....]
Gold:   0          SH:  0    Dex: 12    Spells: 0/0 levels left

rFire    . . .     SeeInvis .   a - +1 short sword
rCold    . . .     Faith    .   (no shield)
rNeg     . . .     Spirit   .   b - +0 leather armour
rPois    .         Reflect  .   (no helmet)
rElec    .         Harm     .   (no cloak)
rCorr    .         Rampage  .   (no gloves)
Will     .....                  (no boots)
Stlth    +.........             (no amulet)
HPRegen  0.06/turn              (no ring)
MPRegen  0.08/turn              (no ring)

@: no status effects
A: no striking features
a: Renounce Religion, Depart the Abyss


You were on level 1 of the Abyss.
You worshipped Lugonu.
Lugonu was aware of your devotion.
You visited 0 branches of the dungeon, and saw 0 of its levels.
You visited the Abyss 1 time.

Inventory:

Hand Weapons
 a - a +1 short sword (weapon)
Armour
 b - a +0 leather armour (worn)
Scrolls
 c - a scroll of fog {unknown}


   Skills:
 - Level 3.0 Fighting
 + Level 1.7 Short Blades
 - Level 1.7 Armour
 - Level 0.8 Dodging
 - Level 2.4 Invocations


You couldn't memorise any spells.
You didn't know any spells.
Your spell library was empty.

Dungeon Overview and Level Annotations

Branches:
Dungeon (0/15)

Altars:


Message History

Welcome, polve the Demonspawn Abyssal Knight.
Will you be the one to retrieve the fabulous Orb of Zot from the depths?
Lugonu says: Depart the Abyss and spread corruption, my servant! (use the ability menu to exit the Abyss) Press ? for a list of commands and other information.
Found a corrupted altar of Lugonu.
You are suddenly pulled into a different region of the Abyss!
c - a scroll labelled ATHINT SOTU A tentacled starspawn comes into view.
A tentacled starspawn is nearby!
A tentacled starspawn is nearby!
A tentacle flies out from the starspawn's body!
A starspawn tentacle comes into view.
The starspawn tentacle grabs you. The starspawn tentacle constricts you.
Found 7 gold pieces.
A starspawn tentacle comes into view.
You escape the starspawn tentacle's grasp.
The starspawn tentacle barely misses you.
The starspawn tentacle grabs you. The starspawn tentacle constricts you.
You escape the starspawn tentacle's grasp.
A tentacle flies out from the starspawn's body!
A starspawn tentacle comes into view.
A chaos spawn comes into view.
The chaos spawn growls angrily.
The chaos spawn hits you!
You are engulfed in flames!
Ouch! That really hurt!
You die...

.. ..##.#### .#
.#.#..#...#.##.# .# ..#.
# ..##....# . .
...w─#..##..# .# ##
.\.X.─.##..# .
..#.#│§#X.#...# .# #
#.###│#.......####.#.#..
.#..#..#.#####..#.......
...##.#..# #..##@.......
..###..##. #....4##.##..
#.. .. . ####..# .#....#
. .... . ...# .....
.###.# # #...... #. .
..# ....... ...# ...
..##..... ## #.


You could see a chaos spawn.

Vanquished Creatures (others)
  3 starspawn tentacles (Abyss:1)
3 creatures vanquished.

Notes
Turn   | Place    | Note
-------+----------+-------------------------------------------
     0 | Abyss:1  | polve the Demonspawn Abyssal Knight began the quest for the
                  | Orb.
     0 | Abyss:1  | Reached XP level 1. HP: 18/18 MP: 2/2
   102 | Abyss:1  | Noticed a tentacled starspawn
   115 | Abyss:1  | Noticed a chaos spawn
   116 | Abyss:1  | Slain by a chaos spawn

Illustrated notes

Levels and vault maps discovered:
Abyss:1:  base: Temple, evilmike_abyss_exit_10, base:
Temple

Action                   || total
-------------------------++-------
Dodge: Dodged            ||     1

Table legend: (Time is in decaauts)
 A = Elapsed time spent in this place.
 B = Non-inter-level travel time spent in this place.
 C = Inter-level travel time spent in this place.
 D = Time resting spent in this place.
 E = Time spent auto-exploring this place.
 F = Levels seen in this place.
 G = Mean time per level.
                   A        B        C        D        E       F      G
               +--------+--------+--------+--------+--------+-----+--------+
         Total |    116 |    116 |      0 |      0 |    100 |   1 |  116.0 |
         Abyss |    116 |    116 |      0 |      0 |    100 |   1 |  116.0 |
               +--------+--------+--------+--------+--------+-----+--------+

Top non-repeatable levels by time:
 Abyss:1: 116 daAuts
